 Dungeon Sprint DCSS version 0.15-a0-35-ga771cbd (webtiles) character file.

227 BluebellGnoll the Unseen (level 5, 0/35 HPs)
             Began as a Vampire Enchanter on Apr 2, 2014.
             Was an Initiate of Sif Muna.
             Killed from afar by an oklob sapling (16 damage)
             ... with a splash of acid
             ... in the Dungeon (Sprint IV: "Fedhas' Mad Dash").
             The game lasted 00:02:38 (171 turns).

BluebellGnoll the Unseen (Vampire Enchanter)         Turns: 171, Time: 00:02:38

HP   0/35        AC  3     Str  7      XL: 5   Next:  5%
MP   9/9         EV 12     Int 18      God: Sif Muna [......]
Gold 83          SH  0     Dex 14      Spells:  3 memorised,  2 levels left

rFire  . . .     SeeInvis +     a - +1 dagger
rCold  . . .     Clarity  .     b - +1 robe
rNeg   + . .     Conserve .     (no shield)
rPois  .         rCorr    .     (no helmet)
rElec  .         rRot     .     (no cloak)
SustAb . .       Spirit   .     (no gloves)
rMut   .         Warding  .     (no boots)
Saprov . . .     NoTele   +     (no amulet)
MR     .....                    (no ring)
                                m - ring of invisibility

@: not resistant to hostile enchantments, extraordinarily stealthy
A: fangs 3, see invisible, unbreathing
a: Bat Form, Renounce Religion, Evoke Invisibility


You were in the Dungeon.
You worshipped Sif Muna.
Sif Muna was noncommittal.
You were not thirsty.

You visited 1 branch You collected 83 gold pieces.

Inventory:

Hand weapons
 a - a +1,+1 dagger (weapon)
Missiles
 d - 12 darts (quivered)
Armour
 b - a +1 robe (worn)
Scrolls
 k - a scroll of blinking
 l - a scroll of enchant armour {unknown}
Jewellery
 m - a ring of invisibility (left hand)
 n - an uncursed ring of sustenance {unknown}
Potions
 e - a potion of blood
 f - a potion of curing
 g - a potion of heal wounds
 h - a potion of haste
 i - 2 potions of magic
 j - a potion of berserk rage
Books
 c - a book of Maledictions

   Spells                             Type                      Level
   *Corona                            Hexes                        1
   Sure Blade                         Hexes/Charms                 2
   *Ensorcelled Hibernation           Hexes/Ice                    2
   *Confuse                           Hexes                        3
   Enslavement                        Hexes                        4
   Invisibility                       Hexes                        6


   Skills:
 - Level 1.1 Short Blades
 - Level 0.7 Throwing
 - Level 2.1 Dodging
 - Level 15.0 Stealth
 * Level 2.0 Spellcasting
 + Level 4.4 Hexes


You had 2 spell levels left.
You knew the following spells:

 Your Spells              Type           Power        Failure   Level  Hunger
a - Corona                Hex            ###....      3%          1    #......
b - Ensorcelled Hibernat  Hex/Ice        #.....       12%         2    ##.....
c - Confuse               Hex            ###.....     12%         3    ####...


Dungeon Overview and Level Annotations

Branches:
Dungeon (1/1)

Altars:
Cheibriados
Dithmenos
Elyvilon
Kikubaaqudgha
Makhleb
Nemelex Xobeh
Okawaru
Sif Muna
Trog
Vehumet
Xom
Yredelemnul
Zin
The Shining One
Beogh
Jiyva
Lugonu

Annotations:
D exclusion: oklob sapling


Innate Abilities, Weirdness & Mutations

You have razor-sharp teeth.*
You have supernaturally acute eyesight.
You can survive without breathing.*


Message History

There is an open door here!
There is a basalt altar of Yredelemnul here!
There is an iron altar of Okawaru here!
There is a glowing golden altar of the Shining One here!
There is a white marble altar of Elyvilon here!
There is a glowing silver altar of Zin here!
There is a snail-covered altar of Cheibriados here!
There is an open door here!
You start waiting!
Your magical contamination has completely faded away!
You open the door!
Marking area around the oklob sapling as unsafe for travelling!
An oklob sapling comes into view!
Found 2 gold pieces!
Found 11 gold pieces!
There is an open door here!
The oklob sapling spits acid at you! The splash of acid hits you!!!
The acid burns!!!
Ouch!!!
That really hurt!!!
You die!!!

################################
#<..f#.....#.....#.⌠.........⌠.#
#ff..'.....'.#[%.'._._._._._._.'
#ffff#.%...#.#...#.._._._._._..#
###############'##._._._._._._.#
+.@.#.⌠.........⌠.#
#$P$############### #####


You could see an oklob sapling.

Vanquished Creatures
  3 oklob saplings (D)
  A worker ant (D)
  A green rat (D)
  A rat (D)
6 creatures vanquished.

Notes
Turn   | Place    | Note
--------------------------------------------------------------
     0 | D        | BluebellGnoll, the Vampire Enchanter, began the quest for the Orb.
     0 | D        | Reached XP level 1. HP: 13/13 MP: 3/3
     8 | D        | Reached skill level 7 in Stealth
     8 | D        | Reached XP level 2. HP: 19/19 MP: 4/4
    21 | D        | Learned a level 2 spell: Ensorcelled Hibernation
    21 | D        | Noticed an oklob sapling
    23 | D        | Killed an oklob sapling
    23 | D        | Reached skill level 10 in Stealth
    23 | D        | Reached XP level 3. HP: 24/24 MP: 6/6
    28 | D        | Learned a level 3 spell: Confuse
    29 | D        | Noticed a worker ant
    33 | D        | Killed a worker ant
    33 | D        | Reached skill level 11 in Stealth
    87 | D        | Found a snail-covered altar of Cheibriados.
    87 | D        | Found a glowing silver altar of Zin.
    87 | D        | Found a white marble altar of Elyvilon.
    87 | D        | Found a viscous altar of Jiyva.
    87 | D        | Found a radiant altar of Vehumet.
    87 | D        | Found a deep blue altar of Sif Muna.
    87 | D        | Found an ancient bone altar of Kikubaaqudgha.
    87 | D        | Found a bloodstained altar of Trog.
    87 | D        | Found a corrupted altar of Lugonu.
    87 | D        | Noticed an oklob sapling priest
    88 | D        | Found a glowing golden altar of the Shining One.
    89 | D        | Found a burning altar of Makhleb.
    89 | D        | Found a sparkling altar of Nemelex Xobeh.
    90 | D        | Found an iron altar of Okawaru.
    91 | D        | Found a shadowy altar of Dithmenos.
    91 | D        | Found a shimmering altar of Xom.
    92 | D        | Found a basalt altar of Yredelemnul.
    93 | D        | Found a roughly hewn altar of Beogh.
    94 | D        | Killed an oklob sapling priest
    94 | D        | Reached skill level 13 in Stealth
    94 | D        | Reached XP level 4. HP: 30/30 MP: 4/7
    97 | D        | Became a worshipper of Sif Muna the Loreminder
   106 | D        | Noticed an oklob sapling wizard
   109 | D        | Killed an oklob sapling wizard
   109 | D        | Reached skill level 15 in Stealth
   109 | D        | Reached XP level 5. HP: 35/35 MP: 6/9
   169 | D        | Noticed an oklob sapling
   171 | D        | Killed from afar by an oklob sapling

Action                   |  1- 3 |  4- 6 || total
-------------------------+-------+-------++-------
Melee: Dagger            |     5 |     1 ||     6
 Cast: Confuse           |     2 |       ||     2
 Abil: Evoke Invisibilit |     1 |       ||     1
 Stab: Sleeping          |     3 |     1 ||     4
       Confused          |     1 |       ||     1
